Map: Dédale EC

Players

Scythe - Winner!

  • Race: Zerg Zerg
  • League: Diamond
  • Spawn Location: 7:00

HoldTheDoor

  • Race: Protoss Protoss
  • League: Diamond
  • Spawn Location: 1:00

VOD

Have the link to the VOD?

Description

Time

  • Played on: July 15, 2018, 10:04 a.m.
  • Length: 10:19
Show
View Real Time Build Order
Export as new Build Order

Scythe Zerg - Winner!

Build Orders: Hatch First 

Get SALT Encoding   

  12  0:01  Drone  
  13  0:13  Overlord  
  13  0:18  Drone  
  14  0:31  Drone x2  
  14  0:35  Drone  
  17  0:54  Hatchery  
  17  0:55  Drone  
  17  1:01  Drone  
  18  1:04  Extractor  
  17  1:20  Spawning Pool  
  17  1:22  Drone x2  
  18  1:37  Drone  
  19  1:48  Overlord  
  19  1:53  Drone  
  20  2:04  Drone  
  20  2:07  Queen  
  23  2:08  Queen  
  23  2:10  Drone  
  23  2:13  Drone  
  27  2:18  Drone  
  28  2:24  Drone  
  28  2:27  Drone  
  30  2:36  Drone  
  31  2:43  Lair  
  31  2:52  Spine Crawler  
  31  2:55  Spine Crawler  
  31  2:56  Drone x4  
  33  3:08  Drone x2  
  33  3:09  Roach Warren  
  33  3:10  Extractor  
  33  3:12  Extractor  
  33  3:13  Drone  
  33  3:14  Extractor  
  33  3:15  Overlord  
  32  3:20  Overlord  
  32  3:26  Drone x2  
  32  3:27  Drone  
  35  3:30  Drone  
  36  3:36  Drone  
  36  3:37  Drone  
  38  3:41  Drone x2  
  38  3:47  Hydralisk Den  
  39  3:49  Drone x2  
  42  3:55  Drone x2  
  42  3:56  Drone  
  42  4:00  Drone  
  42  4:01  Drone x3  
  48  4:05  Glial Reconstitution  
  48  4:13  Evolution Chamber  
  48  4:16  Drone x2  
  49  4:17  Evolution Chamber  
  48  4:32  Hydralisk  
  48  4:34  Hydralisk, Hatchery  
  48  4:37  Overlord  
  51  4:40  Overlord  
  51  4:46  Pneumatized Carapace  
  51  4:47  Overlord  
  51  4:55  Hydralisk x2  
  51  4:57  Roach  
  51  4:58  Roach  
  59  5:03  Roach x2  
  63  5:07  Overlord  
  63  5:14  Hydralisk x2, Zergling x2  
  63  5:19  Zerg Missile Weapons Level 1  
  68  5:25  Hydralisk x2  
  72  5:38  Hydralisk x4  
  80  5:55  Hydralisk x5  
  90  6:03  Overlord  
  90  6:21  Overlord x5, Queen  
  81  6:46  Hydralisk  
  73  6:47  Hydralisk x7  
  89  6:54  Drone x2  
  89  6:55  Drone  
  89  6:59  Drone  
  89  7:00  Drone x4  
  97  7:04  Zerg Ground Armor Level 1  
  97  7:09  Roach x2  
  97  7:14  Muscular Augments  
  101  7:18  Hydralisk  
  101  7:19  Hydralisk  
  101  7:21  Roach  
  107  7:33  Drone  
  107  7:34  Drone x8  
  107  7:36  Extractor  
  115  7:37  Extractor  
  114  7:45  Queen  
  114  7:47  Drone x3  
  114  7:50  Drone  
  114  7:51  Drone x2  
  122  7:53  Drone  
  122  7:55  Drone  
  122  7:56  Drone  
  125  8:00  Overseer  
  125  8:05  Roach x2  
  129  8:06  Roach x3, Hydralisk  
  137  8:18  Infestation Pit  
  136  8:20  Queen  
  136  8:26  Grooved Spines  
  100  8:43  Roach x11  
  100  8:44  Roach x6  
  124  8:54  Hydralisk  
  124  8:55  Hydralisk x2  
  111  9:11  Hydralisk x7  
  119  9:19  Hydralisk  
  119  9:20  Hydralisk x2  
  125  9:26  Queen  
  125  9:27  Drone  
  125  9:28  Drone x3  
  131  9:39  Hydralisk  
  131  9:40  Hydralisk x2  
  131  9:44  Overlord x2  
  137  10:03  Extractor  
  137  10:04  Hatchery  
  135  10:08  Extractor  
Show
View Real Time Build Order
Export as new Build Order

HoldTheDoor Protoss 

Build Orders: 1 Gate Expand 

Get SALT Encoding   

  12  0:00  Probe  
  13  0:13  Probe  
  14  0:19  Pylon  
  14  0:25  Probe  
  15  0:36  Probe  
  15  0:38  Gateway  
  16  0:45  Probe  
  16  0:47  Assimilator  
  17  0:53  Probe  
  18  1:07  Probe  
  19  1:24  Nexus  
  19  1:40  Cybernetics Core  
  19  1:44  Probe  
  22  1:48  Zealot  
  22  1:56  Probe  
  22  1:58  Assimilator  
  23  2:03  Pylon  
  23  2:21  Probe  
  24  2:25  Zealot  
  26  2:30  Warp Gate  
  26  2:36  Probe  
  27  2:37  Twilight Council  
  27  2:48  Probe, Gateway  
  27  2:50  Probe, Pylon  
  29  3:00  Sentry  
  29  3:01  Probe  
  32  3:08  Probe  
  33  3:13  Probe  
  34  3:20  Robotics Facility  
  34  3:22  Resonating Glaives  
  34  3:23  Pylon  
  34  3:34  Probe  
  35  3:35  Probe  
  35  3:39  Adept  
  38  3:42  Adept  
  38  3:46  Probe  
  38  3:47  Probe  
  42  3:54  Gateway  
  42  3:58  Probe  
  42  3:59  Probe  
  44  4:09  Gateway  
  44  4:10  Probe, Warp Prism  
  44  4:13  Pylon  
  45  4:23  Probe  
  45  4:24  Probe  
  49  4:35  Sentry x2  
  49  4:36  Probe  
  49  4:37  Probe  
  55  4:42  Immortal, Gateway  
  55  4:47  Pylon  
  55  4:52  Probe  
  60  4:53  Probe  
  60  4:55  Adept  
  60  4:58  Adept  
  65  5:01  Adept  
  67  5:11  Gateway  
  67  5:14  Gateway  
  67  5:20  Immortal  
  71  5:57  Gateway  
  71  6:01  Pylon  
  71  6:03  Gateway  
  71  6:04  Gateway  
  71  6:13  Observer  
  71  6:16  Pylon  
  72  6:18  Pylon  
  72  6:21  Pylon  
  72  6:24  Pylon, Adept x2  
  72  6:25  Adept x3  
  56  6:41  Warp Prism  
  56  6:43  Adept x6  
  56  6:44  Adept  
  57  7:00  Adept  
  59  7:03  Adept x2  
  59  7:04  Adept x5  
  73  7:11  Immortal  
  73  7:15  Assimilator  
  73  7:21  Adept  
  79  7:24  Adept x4  
  79  7:25  Adept x2  
  91  7:32  Zealot x3  
  97  7:48  Adept x4  
  97  7:49  Adept  
  107  8:22  Adept x5  
  117  8:33  Pylon  
  117  8:34  Adept x5  
  111  8:35  Pylon  
  85  8:44  Pylon  
  71  8:51  Pylon  
  71  8:52  Adept x4  
  71  9:05  Adept x3  
  42  9:21  Immortal  
  42  9:22  Probe x2  
  44  9:27  Assimilator  
  44  9:30  Adept x2  
  52  9:31  Zealot  
  52  9:32  Zealot x3  
  52  9:34  Probe  
  61  9:49  Sentry  
  61  9:51  Zealot x2  
  61  9:52  Zealot x2  
  71  9:53  Zealot  
  71  9:57  Probe  
  54  10:15  Adept x3  
  54  10:16  Adept  
Tags
 
Add a new tag
Caveats
  • Supply blocks, unpowered buildings, or Contaminate may cause inaccurate times.
  • Supply counts are checked every 10 seconds.